 Dungeon Crawl Stone Soup version 0.29-a0-378-gc08b2e8bf8 (webtiles) character file.

Game seed: 1098301209934949639

1308 Pelinal the Chiller (level 8, 0/52 HPs)
             Began as a Merfolk Ice Elementalist on May 5, 2022.
             Slain by an orc
             ... wielding a +0 war axe
              (2 damage)
             ... on level 7 of the Dungeon.
             The game lasted 00:18:29 (8048 turns).

Pelinal the Chiller (Merfolk Ice Elementalist)      Turns: 8048, Time: 00:18:30

Health: 0/52       AC:  8    Str:  8    XL:     8   Next: 58%
Magic:  3/11       EV: 12    Int: 16    God:
Gold:   236        SH:  5    Dex: 15    Spells: 2/11 levels left

rFire   + . .      SeeInvis .   A - +0 spear
rCold   + . .      Faith    .   q - +0 buckler
rNeg    . . .      Spirit   .   a - +0 robe
rPois   +          Reflect  .   u - +0 hat {Stlth+}
rElec   +          Harm     .   (no cloak)
rCorr   +          Rampage  .   (no gloves)
Will    .....                   (no boots)
Stlth   ++++......              (no amulet)
HPRegen 0.17/turn               (no ring)
MPRegen 0.12/turn               (no ring)

@: ice-armoured, resistant
A: (nimble swimmer 2), mertail
a: no special abilities


You were on level 7 of the Dungeon.
You visited 2 branches of the dungeon, and saw 8 of its levels.

You collected 266 gold pieces.
You spent 30 gold pieces at shops.

Inventory:

Hand Weapons
 j - a +1 dagger of chaos
 k - a +2 hand axe of venom
 o - a +0 falchion of draining
 v - the +6 spear "Ugiu" {vorpal, MP-9 Str+4 Int+6}
   (You found it on level 4 of the Dungeon)

   It inflicts extra damage upon your enemies.
   Str:       It affects your strength (+4).
   Int:       It affects your intelligence (+6).
   MP:        It affects your magic capacity (-9).
 A - a +0 spear (weapon)
 J - a +0 halberd
Missiles
 f - 191 stones
 p - a boomerang
Armour
 a - a +0 robe (worn)
 q - a +0 buckler (worn)
 u - a +0 hat of stealth (worn)
 I - a +2 kite shield
Jewellery
 G - a +4 ring of evasion
Wands
 y - a wand of acid (8)
 E - a wand of paralysis (21)
Scrolls
 c - a scroll of fear {unknown}
 i - a scroll of brand weapon
 n - 2 scrolls of noise
 s - a scroll of blinking
 t - 2 scrolls of enchant weapon
 x - a scroll of magic mapping {unknown}
 B - a scroll of immolation {unknown}
 C - a scroll of vulnerability {unknown}
 F - 3 scrolls of identify
Potions
 b - a potion of magic
 d - a potion of degeneration {unknown}
 g - 2 potions of cancellation
 h - 4 potions of attraction
 l - a potion of resistance
 r - a potion of lignification
 w - 3 potions of brilliance
 z - a potion of haste {unknown}
 D - a potion of flight {unknown}
 H - a potion of ambrosia {unknown}


   Skills:
 - Level 6.1 Polearms
 - Level 2.7 Dodging
 - Level 4.1 Stealth
 - Level 5.7 Shields
 - Level 2.0 Spellcasting
 + Level 2.0 Necromancy
 - Level 6.5 Ice Magic
 + Level 1.9 Air Magic


You had 2 spell levels left.
You knew the following spells:

 Your Spells              Type           Power      Damage    Failure   Level
a - Freeze                Ice            88%        1d10      1%          1
b - Frozen Ramparts       Ice            44%        1d6       5%          3
c - Ozocubu's Armour      Ice            22%        N/A       5%          3
d - Corpse Rot            Necr/Air       14%        N/A       19%         2

Your spell library contained the following spells:

 Spells                   Type           Power      Damage    Failure   Level
 Poisonous Vapours        Pois/Air       8%         N/A       26%         2
 Static Discharge         Conj/Air       4%         N/A       26%         2
 Hailstorm                Conj/Ice       12%        3d5       56%         4
 Ice Form                 Ice/Tmut       12%        N/A       56%         4
 Dispel Undead            Necr           8%         3d8       75%         4
 Sticky Flame             Conj/Fire      1%         2d3       95%         4
 Simulacrum               Ice/Necr       7%         N/A       100%        6


Dungeon Overview and Level Annotations

Branches:
Dungeon (7/15)             Temple (1/1) D:6

Altars:
Cheibriados
Elyvilon
Fedhas
Hepliaklqana
Makhleb
Nemelex Xobeh
Okawaru
Qazlal
Ru
Sif Muna
Trog
Vehumet
Wu Jian
Zin
The Shining One

Shops:
D:3 !([:   D:4 ?   D:7 (

Annotations:
D:2 1 runed translucent door, exclusion: door, Crazy Yiuf
D:6 Sigmund


Innate Abilities, Weirdness & Mutations

((You are very nimble when in or above water. (Stealth+, EV+, Speed+++)))
Your lower body shifts to a powerful aquatic tail in water.


Message History

* * * LOW HITPOINT WARNING * * *
The orc resists.
The wall freezes the orc.
The orc completely misses you.
Casting: Ozocubu's Armour (dangerous; 5% risk of failure)
Confirm with . or Enter, or press ? or * to list all spells.
Aiming: Freeze (safe; 1% risk of failure)
Press: ? - help, Shift-Dir - straight line, f - orc priest
Aim: an orc priest, wielding a +0 hand axe and wearing a +0 leather armour (almost dead)
You freeze the orc priest!
You kill the orc priest!
The orc completely misses you.
The orc resists.
The wall freezes the orc.
A shadow imp comes into view.
The orc closely misses you.
You feel better.
The orc resists.
The wall freezes the orc.
You kill the orc!
The orc hits you with a +0 war axe.
* * * LOW HITPOINT WARNING * * *
The orc barely misses you.
Casting: Freeze (safe; 1% risk of failure)
Confirm with . or Enter, or press ? or * to list all spells.
Aiming: Freeze (safe; 1% risk of failure)
Press: ? - help, Shift-Dir - straight line, f - orc
Aim: an orc, wielding a +0 hand axe (heavily wounded)
You freeze the orc!
You kill the orc!
The shadow imp resists.
The wall freezes the shadow imp.
A white imp comes into view.
The orc barely misses you.
Your Necromancy skill increases to level 2!
Casting: Freeze (safe; 1% risk of failure)
Confirm with . or Enter, or press ? or * to list all spells.
Aiming: Freeze (safe; 1% risk of failure)
Press: ? - help, Shift-Dir - straight line, f - orc
Aim: an orc, wielding a +0 war axe and wearing a +0 leather armour (heavily wounded)
You freeze the orc.
The orc is almost dead.
The frozen ramparts melt away.
The orc hits you with a +0 war axe!
* * * LOW HITPOINT WARNING * * *
You feel protected. The orc hits you with a +0 war axe.
You die...

.. #...######...._.P
...#######...............P.
.......<......#####...PPPP.
#.............#.≈≈#........
.......<......#D..#........
..##.#####....#####....####
# #. #.............### #
#....o)∩..........
#...55@...........
#...#########..### #....
#.# #...## ... ####. ## .


You could see a four-headed hydra, a white imp, a shadow imp and an orc.

Vanquished Creatures
  A water moccasin (D:7)
  A black bear (D:6)
  2 ice beasts
  A centaur (D:5)
  Blork the orc (D:5)
  A bullfrog (D:7)
  A necrophage (D:6)
  A scorpion (D:6)
  A howler monkey (D:6)
  A gnoll shaman (D:7)
  4 hounds
  An iguana (D:4)
  2 orc priests
  Natasha (thrice) (D:2)
  Terence (D:3)
  An orc wizard (D:6)
  3 gnolls (D:7)
  9 adders
  5 ufetubi
  A worm (D:3)
  5 dart slugs
  8 orcs
  3 bats
  5 endoplasms
  2 giant cockroaches
  3 goblins
  A hobgoblin (D:4)
  3 kobolds
  9 ball pythons
  A frilled lizard (D:3)
  6 rats (D:1)
87 creatures vanquished.

Vanquished Creatures (others)
  An orc wizard (D:6)
  A plant (D:7)
2 creatures vanquished.

Grand Total: 89 creatures vanquished

Notes
Turn   | Place    | Note
-------+----------+-------------------------------------------
     0 | D:1      | Pelinal the Merfolk Ice Elementalist began the quest for
                  | the Orb.
     0 | D:1      | Reached XP level 1. HP: 13/13 MP: 3/3
   277 | D:1      | Reached XP level 2. HP: 19/19 MP: 5/5
   989 | D:2      | Reached skill level 5 in Ice Magic
  1046 | D:2      | Noticed Natasha
  1056 | D:2      | Killed Natasha
  1057 | D:2      | Reached XP level 3. HP: 5/24 MP: 1/6
  1193 | D:2      | Noticed Natasha
  1352 | D:2      | Reached XP level 4. HP: 22/30 MP: 4/7
  1684 | D:2      | Killed Natasha
  2049 | D:2      | Found a runed translucent door.
  2050 | D:2      | Noticed Crazy Yiuf
  2089 | D:2      | Noticed Natasha
  2096 | D:2      | Killed Natasha
  2284 | D:2      | Reached XP level 5. HP: 35/35 MP: 6/8
  2358 | D:3      | Learned a level 3 spell: Frozen Ramparts
  2362 | D:3      | Learned a level 3 spell: Ozocubu's Armour
  2413 | D:3      | Found Viekid's Distillery.
  2456 | D:3      | Bought a potion of curing for 30 gold pieces
  3117 | D:3      | Found Umykh's Book Boutique.
  3122 | D:3      | Found Mampuiss's Armour Emporium.
  3234 | D:3      | Noticed Terence
  3236 | D:3      | Found Uriela's Weapon Boutique.
  3244 | D:3      | Killed Terence
  3245 | D:3      | Reached skill level 1 in Shields
  3795 | D:4      | Reached XP level 6. HP: 39/41 MP: 6/9
  3943 | D:4      | Found Kotsamug's Magic Scroll Emporium.
  4170 | D:4      | Found a glowing silver altar of Zin.
  4405 | D:4      | Identified the +6 spear "Ugiu" {vorpal, MP-9 Str+4 Int+6}
  4819 | D:5      | Entered Level 5 of the Dungeon
  4823 | D:5      | Noticed Blork the orc
  4830 | D:5      | Killed Blork the orc
  4898 | D:5      | Noticed an ice beast
  4909 | D:5      | Killed an ice beast
  4910 | D:5      | Reached XP level 7. HP: 39/46 MP: 1/10
  5252 | D:5      | Reached skill level 5 in Shields
  5686 | D:5      | Found a sparkling altar of Nemelex Xobeh.
  6279 | D:6      | Reached XP level 8. HP: 33/52 MP: 11/11
  6492 | D:6      | Found a staircase to the Ecumenical Temple.
  6499 | Temple   | Entered the Ecumenical Temple
  6655 | D:6      | Reached skill level 5 in Polearms
  7290 | D:6      | Learned a level 2 spell: Corpse Rot
  7295 | D:6      | Noticed Sigmund
  7417 | D:7      | Found Hosabic's Hydra Hut.
  7420 | D:7      | Noticed a shadow
  7605 | D:7      | Reached skill level 1 in Necromancy
  7605 | D:7      | Reached skill level 1 in Air Magic
  7927 | D:7      | Noticed a four-headed hydra
  7930 | D:7      | Found a hazy altar of Hepliaklqana.
  8047 | D:7      | HP: 1/52 [orc/+0 war axe (8)]
  8048 | D:7      | Slain by an orc

Illustrated notes

Levels and vault maps discovered:
D:1:      denvon_arrival_waterhouse, layout_basic, grunt_decor_one_mirror,
          minmay_bisected
D:2:      layout_loops_ring, uniq_crazy_yiuf_cottage, uniq_natasha
D:3:      layout_rooms, serial_shops, shop, shop, shop, shop_statue,
          uniq_terence
D:4:      layout_basic, mainiacjoe_overflow_alcove_1, serial_shops,
          nicolae_take_the_stairs
D:5:      layout_loops_ring, mainiacjoe_overflow_alcove_4, skrybe_limestone_x,
          uniq_blork_the_orc
D:6:      layout_loops_corners, marbit_many_paths,
          minmay_temple_entry_sparse_star, uniq_sigmund
D:7:      layout_loops_cross, nicolae_gozag_seed_capital,
          mainiacjoe_overflow_chevrons, xom_shifter_show, doesnt_shop_hydraphobe
Temple:   minmay_temple_bridge_abc

Skill      XL: |  1  2  3  4  5  6  7  8 |
---------------+-------------------------+-----
Ice Magic      | 5 6 |  6.5
Stealth        | 3 4 |  4.1
Shields        | 1 4 5 |  5.7
Polearms       | 4 6 |  6.1
Necromancy     | 2 |  2.0
Air Magic      | 1 |  1.9
Dodging        | |  2.7
Spellcasting   | |  2.0

Action                   |  1- 3 |  4- 6 |  7- 9 || total
-------------------------+-------+-------+-------++-------
Melee: Short sword       |    29 |     4 |       ||    33
       Unarmed           |     2 |       |       ||     2
       Dagger            |       |    64 |       ||    64
       Punch             |       |     3 |       ||     3
       Hand axe          |       |    21 |     4 ||    25
       Spear             |       |     5 |    98 ||   103
 Cast: Freeze            |    15 |    46 |    21 ||    82
       Frozen Ramparts   |       |     3 |    13 ||    16
       Ozocubu's Armour  |       |     3 |     9 ||    12
Evoke: Wand              |       |       |     9 ||     9
  Use: Scroll            |       |     9 |     4 ||    13
       Potion            |       |     1 |     4 ||     5
 Stab: Sleeping          |     7 |     5 |     3 ||    15
       Paralysed         |       |       |    12 ||    12
       Distracted        |       |       |     1 ||     1
Armor: Robe              |     4 |    21 |    18 ||    43
Dodge: Dodged            |    22 |    91 |    71 ||   184
Block: Buckler           |       |     8 |    23 ||    31

Table legend: (Time is in decaauts)
 A = Elapsed time spent in this place.
 B = Non-inter-level travel time spent in this place.
 C = Inter-level travel time spent in this place.
 D = Time resting spent in this place.
 E = Time spent auto-exploring this place.
 F = Levels seen in this place.
 G = Mean time per level.
                   A        B        C        D        E       F      G
               +--------+--------+--------+--------+--------+-----+--------+
         Total |   8054 |   7668 |    386 |   1947 |   4425 |   8 | 1006.8 |
       Dungeon |   7996 |   7610 |    386 |   1947 |   4415 |   7 | 1142.3 |
        Temple |     58 |     58 |      0 |      0 |     10 |   1 |   58.0 |
               +--------+--------+--------+--------+--------+-----+--------+

Top non-repeatable levels by time:
     D:6: 1920 daAuts
     D:2: 1474 daAuts
     D:4: 1413 daAuts
     D:1: 1027 daAuts
     D:5: 977 daAuts
     D:3: 913 daAuts
     D:7: 270 daAuts
  Temple: 58 daAuts
